 Dungeon Crawl Stone Soup version 0.31-a0-803-g95b03c3367 (webtiles) character file.

Game seed: 12539066081277282389

161955 Flugkiller the Eclecticist (level 18, -1/130 HPs)
             Began as a Djinni Enchanter on Sept 21, 2023.
             Was an Initiate of Gozag.
             Slain by a faun
             ... wielding a +0 spear
             ... led by a satyr
              (27 damage)
             ... on level 1 of the Shoals.
             The game lasted 00:54:36 (30320 turns).

Flugkiller the Eclecticist (Djinni Enchanter)      Turns: 30320, Time: 00:54:37

Health: -1/130     AC: 12    Str:  7    XL:     18   Next: 12%
Gold:   6539       EV: 23    Int: 28    God:    Gozag SH:  0 Dex: 17

rFire   + + .        F - +8 dagger (venom)
rCold   . . .        (no shield)
rNeg    . . .        X - +1 robe {rC+}
rPois   ∞            e - +2 helmet
rElec   +            G - +2 cloak
rCorr   .            b - +2 pair of gloves
SInv    +            (boots unavailable)
Will    .....        s - amulet of regeneration
Stlth   ++           v - +5 ring of evasion
HPRegen 1.21/turn    T - ring of Virtue {rElec Will- Int+6 Slay+6 SInv}
MPRegen 0.00/turn

%: infuse magic (-2 HP)
@: lit by a corona, weak-willed, flying, glowing
A: sickness immunity, fire resistance 2, cold vulnerability 1, float, innate
caster, HP casting, extra vitality 1
}: 1/15 runes: gossamer
a: Renounce Religion, Potion Petition, Call Merchant, Bribe Branch


You were on level 1 of the Shoals.
You worshipped Gozag.
Gozag was greatly pleased with you.
You visited 6 branches of the dungeon, and saw 29 of its levels.
You also visited: Ossuary, Bailey, Gauntlet and Volcano.

You collected 9816 gold pieces.
You spent 746 gold pieces at shops.
You paid 2531 gold pieces to Gozag.

Inventory:

Hand Weapons
 F - a +8 dagger of venom (weapon)
   (You bought it in a shop on level 3 of the Dungeon)
 V - a +2 demon blade of flaming
   (You found it in a volcano)
Missiles
 o - 3 throwing nets
 y - 17 curare-tipped darts
Armour
 b - a +2 pair of gloves (worn)
   (You bought it in a shop on level 9 of the Dungeon)
 e - a +2 helmet (worn)
   (You found it on level 2 of the Lair of Beasts)
 G - a +2 cloak (worn)
   (You found it on level 8 of the Dungeon)
 X - a +1 robe of cold resistance (worn)
   (You took it off an orc sorcerer on level 15 of the Dungeon)
 Z - a +2 hat of see invisible
   (You found it on level 4 of the Spider Nest)
Jewellery
 f - a ring of protection from fire
   (You found it on level 1 of the Lair of Beasts)
 g - a +6 ring of intelligence
   (You found it on level 4 of the Dungeon)
 m - a ring of willpower
   (You found it in a Gauntlet)
 s - an amulet of regeneration (around neck)
   (You found it on level 4 of the Dungeon)
 v - a +5 ring of evasion (left hand)
   (You found it on level 1 of the Dungeon)
 H - a +6 ring of dexterity
   (You found it in a bailey)
 T - the ring of Virtue (right hand) {rElec Will- Int+6 Slay+6 SInv}
   (You found it in a Gauntlet)

   [ring of intelligence]

   Int+6:     It affects your intelligence (+6).
   Slay+6:    It affects your accuracy & damage with ranged weapons and melee
   (+6).
   rElec:     It insulates you from electricity.
   Will-:     It decreases your willpower.
   SInv:      It lets you see invisible.
Wands
 B - a wand of digging (12)
   (You found it on level 7 of the Dungeon)
 E - a wand of paralysis (16)
   (You took it off an orc on level 8 of the Dungeon)
 K - a wand of light (13)
   (You found it on level 4 of the Lair of Beasts)
 O - a wand of mindburst (10)
   (You found it in a bailey)
 S - a wand of flame (7)
   (You found it in a Gauntlet)
 Y - a wand of roots (8)
   (You found it on level 3 of the Spider Nest)
Scrolls
 i - a scroll of poison
 l - 5 scrolls of immolation
 p - 3 scrolls of revelation
 r - 2 scrolls of identify
 t - 7 scrolls of teleportation
 x - a scroll of enchant armour
 z - 2 scrolls of blinking
 D - 7 scrolls of fog
 J - a scroll of fear
 N - a scroll of silence
 Q - a scroll of butterflies
Potions
 a - 10 potions of brilliance
 c - 2 potions of invisibility
 h - 8 potions of haste
 j - 6 potions of ambrosia
 n - 2 potions of resistance
 q - 7 potions of curing
 w - a potion of heal wounds
 A - 3 potions of cancellation
 L - 2 potions of berserk rage
 P - 4 potions of enlightenment
 U - 3 potions of mutation
Miscellaneous
 u - a phial of floods
   (You found it in a bailey)
 R - a box of beasts
   (You found it in a Gauntlet)
 W - a condenser vane
   (You found it in a bailey)


   Skills:
 + Level 12.4 Fighting
 - Level 6.0 Short Blades
 - Level 10.0 Dodging
 - Level 7.0 Stealth
 + Level 19.1 Spellcasting
 + Level 19.1 Conjurations
 + Level 19.1 Hexes
   Level 0.0 Charms
 + Level 19.1 Summonings
 + Level 19.1 Necromancy
 + Level 19.1 Translocations
 + Level 19.1 Transmutations
 + Level 19.1 Fire Magic
 + Level 19.1 Ice Magic
 + Level 19.1 Air Magic
 + Level 19.1 Earth Magic
 + Level 19.1 Poison Magic
 - Level 4.0 Evocations


You knew the following spells:

 Your Spells              Type           Power      Damage    Failure   Level
a - Ensorcelled Hibernat  Hex/Ice        100%       N/A       0%          2
b - Confusing Touch       Hex            94%        N/A       0%          3
c - Tukima's Dance        Hex            94%        N/A       0%          3
d - Dazzling Flash        Conj/Hex       100%       N/A       0%          3
e - Momentum Strike       Conj/Tloc      100%       3d10      0%          2
f - Jinxbite              Hex            100%       N/A       0%          2
g - Iskenderun's Mystic   Conj/Tloc      94%        2d18      0%          4
h - Manifold Assault      Tloc           94%        N/A       0%          4
i - Yara's Violent Unrav  Hex/Tmut       47%        3d18      0%          5
j - Leda's Unmaking       Conj/Erth      47%        9d8       1%          6
k - Summon Hydra          Summ           47%        N/A       1%          7
q - Apportation           Tloc           100%       N/A       0%          1
Your spell library was empty.

Dungeon Overview and Level Annotations

Branches:
Dungeon (15/15) Zot: 25082  Temple (1/1) D:5 Zot: 5971    Lair (5/5) D:11 Zot: 25213
 Shoals (2/4) Lair:3 Zot: 10901  Spider (4/4) Lair:3 Zot: 18903   Slime (0/5) Lair:4
    Orc (2/2) D:12 Zot: 9409     Elf (0/3) Orc:2        Vaults (0/5) D:14
Ossuary (visited)          Bailey (visited)         Volcano (visited)
Gauntlet (visited)
 Depths: D:15

Altars:
Ashenzari
Cheibriados
Dithmenos
Elyvilon
Fedhas
Gozag
Hepliaklqana
Makhleb
Nemelex Xobeh
Okawaru
Qazlal
Ru
Trog
Uskayaw
Wu Jian
Xom
Yredelemnul
Zin
The Shining One
Jiyva

Shops:
D:1 *   D:2 :   D:3 *   D:8 **[   D:9 [   D:10 (   Orc:1 [(*?=   Orc:2 [*[**

Annotations:
D:10 Fannar
D:12 2 transporters, Afrar's ghost, journeyman FoFi
D:15 exclusion: ice dragon
Lair:2 3 runed translucent doors, Simafegy's ghost, journeyman GrEE
Spider:3 1 runed translucent door, Koton's ghost, adept SpEn


Innate Abilities, Weirdness & Mutations

You are immune to sickness and miasma.
You are immune to poison.
Your flesh is very heat resistant. (rF++)
You are vulnerable to cold. (rC-)
You float through the air rather than walking.
You learn spells naturally, not from books.
Your magical power is your life essence.
You have superior vitality. (+4 MHP)


Message History

Aiming: Leda's Unmaking (mildly dangerous; 1% risk of failure)
Press: ? - help, Shift-Dir - straight line, f/p - merfolk avatar
Aim: a merfolk avatar (heavily wounded, mesmerising, ally target, 72% to hit)
The entropic shot hits the merfolk avatar!!!
The merfolk avatar is almost dead.
The faun unwields a +0 spear.
The faun wields a +0 sling.
The faun shoots a sling bullet.
The sling bullet hits your five-headed hydra!
The merfolk avatar is distracted by your dazzling golden aura.
The merfolk avatar is no longer distracted by gold.
The merfolk avatar chants its luring song.
The faun shoots a sling bullet.
The sling bullet misses you.
The shadowy forms in the deep grow still as others approach.
The drowned soul is distracted by your dazzling golden aura.
The faun points at you and mumbles some strange words.
You are outlined in light.
The merfolk avatar chants its luring song.
The drowned soul touches your eight-headed hydra.
A satyr comes into view. It is wielding a +0 spear.
The drowned soul is no longer distracted by gold.
The faun gestures at you while chanting.
Your willpower is stripped away!
The faun hits your five-headed hydra with a +0 quarterstaff of holy wrath!
The faun shoots a sling bullet.
The sling bullet hits you!!
Your eight-headed hydra bites the merfolk avatar. x2
You break out of your daze!
The merfolk avatar dies!
The drowned soul returns to the deep! x2
Your eight-headed hydra bites the faun! x2
Your eight-headed hydra bites the faun but does no damage.
Your eight-headed hydra bites the faun. x2
Your eight-headed hydra closely misses the faun.
The satyr plays a frightful melody on its pipes!
The satyr radiates an aura of fear!
You are unaffected.
Your eight-headed hydra looks frightened!
Your five-headed hydra looks frightened!
Your eight-headed hydra disappears in a puff of smoke!
The faun shoots a sling bullet.
The sling bullet hits you!
* * * LOW HITPOINT WARNING * * *
The faun is distracted by your dazzling golden aura. [a] - 125 gold - heal wounds [b] - 80 gold - brilliance [c] - 208 gold - heal wounds and curing Purchase which effect?
You feel much better.
You feel better.
The faun shoots a sling bullet.
The sling bullet hits you.
The faun points at your five-headed hydra and mumbles some strange words.
The faun's attack snaps your five-headed hydra out of its fear.
Your five-headed hydra easily resists.
Casting: Leda's Unmaking (mildly dangerous; 1% risk of failure)
Confirm with . or Enter, or press ? or * to list all spells.
Aiming: Yara's Violent Unravelling (safe; 0% risk of failure)
Press: ? - help, Dir - move target, f - you
Okay, then.
Unknown command.
Unknown command.
Unknown command.
Casting: Dazzling Flash (safe; 0% risk of failure)
Press: ? - help, Q - select action, (/) - cycle Dir - look around, f - activate Look: a satyr, wielding a +0 spear (chance to dazzle: 47%)
Okay, then.
Unknown command.
Casting: Dazzling Flash (safe; 0% risk of failure)
Confirm with . or Enter, or press ? or * to list all spells.
The faun is dazzled.
Your five-headed hydra is dazzled.
The faun is dazzled.
The satyr is dazzled.
The faun is no longer distracted by gold.
The faun shoots a sling bullet.
The sling bullet hits you.
The faun shoots a sling bullet.
The sling bullet hits you!
The faun is distracted by your dazzling golden aura.
Unknown command.
The faun is no longer distracted by gold.
Your five-headed hydra disappears in a puff of smoke!
The faun shoots a sling bullet.
The sling bullet hits you!!
* * * LOW HITPOINT WARNING * * *
The faun shoots a sling bullet.
The sling bullet closely misses you.
Unknown command.
Blink to where?
Press: ? - help, Dir - move target
As you read the scroll of blinking, it crumbles to dust.
The faun unwields a +0 sling.
The faun wields a +0 spear.
The faun closely misses you.
The satyr is no longer blind.
The faun is no longer blind.
The satyr plays a rousing melody on its pipes!
The fauns go into a battle-frenzy!
The faun misses you.
You fly upwards.
There is a stone staircase leading down here.
Casting: Dazzling Flash (safe; 0% risk of failure)
Confirm with . or Enter, or press ? or * to list all spells.
Aiming: Leda's Unmaking (mildly dangerous; 1% risk of failure)
Press: ? - help, Shift-Dir - straight line, f - faun
Aim: a faun, wielding a +0 spear (strong, 78% to hit)
The entropic shot hits the faun!!!
The faun is almost dead.
* * * LOW HITPOINT WARNING * * *
The faun hits you with a +0 spear!!
You die...
Your body crumbles into a pile of gold.

≈≈≈≈≈≈≈≈≈~~~~~~~~P~P~P~~~~~~~~~~~
≈≈≈≈≈≈≈≈~~~.~~~~~P~~~~~P~~~~~~~~.
≈≈≈≈≈≈≈≈~~.......~~~~≈≈~≈≈~~~~~~~
≈≈≈≈≈≈≈≈~....#...P~~~≈≈≈≈≈~^~~~~.
≈≈≈≈≈≈≈≈~~..###!....≈≈≈≈≈≈≈..~~~~
≈≈≈≈≈≈≈≈~~..# ##^...~≈≈≈≈≈≈...~~~
≈≈≈≈≈≈≈≈~~~.## #....~≈≈≈≈≈≈~.~~~~
≈≈≈≈≈≈≈≈~~~..###.......≈≈≈≈≈~≈≈≈~
≈≈≈≈≈≈≈≈~~~~....@.##....≈≈≈≈~~≈≈~
≈≈≈≈≈≈≈~~~...~.c.##.....~≈~~~~≈≈≈
≈≈≈≈≈≈~~~~...~~......##.~~..~~~≈~
≈≈≈≈≈~~~~~...~~.....###.....~~~~~
≈≈≈≈~~~~~~...~~...#####...##~~~~~
≈≈≈≈~~........~~.##......##..~~~~
≈≈≈≈~~.....#...~~..~~....~~~..~~~
≈≈≈≈≈~....###..~~.~~~....~~..~~~~
≈≈≈≈≈~~~..###......~....~~~~~~~~~


You could see a faun (strong).

Vanquished Creatures
  Nikola (Spider:2)
  Arachne (Spider:2)
  Frances (Spider:1)
  A ghost moth (Spider:4)
  2 orc warlords (Orc:2)
  2 emperor scorpions
  6 broodmothers
  A minotaur (Gauntlet)
  Azrael (Spider:2)
  A fire dragon (Volcano)
  Josephine (D:11)
  5 entropy weavers
  Harold (Lair:2)
  A hydra (D:15)
  A catoblepas (D:15)
  2 boulder beetles
  2 radroaches
  An ogre mage (D:15)
  Erica (Orc:1)
  2 dancing weapons (D:14)
  6 two-headed ogres
  A tengu warrior (D:14)
  8 centaur warriors
  3 death yaks (Lair:2)
  5 demonic crawlers
  11 orc high priests (Orc:2)
  A skyshark (Lair:5)
  Amaemon (Lair:1)
  5 pharaoh ants
  A sun moth (Spider:3)
  A deep elf archer (Orc:2)
  10 orb spiders
  A harpy (Shoals:1)
  A lindwurm (Volcano)
  2 deep elf pyromancers (D:15)
  4 steelbarb worms (Spider:4)
  A necromancer (Gauntlet)
  3 orc knights
  15 wolf spiders
  4 orc sorcerers
  2 deep elf zephyrmancers (Orc:2)
  18 ugly things
  3 moths of wrath
  3 cyclopes
  A manticore (Shoals:2)
  9 elephants
  2 black mambas (Lair:1)
  A merfolk siren (Lair:3)
  2 molten gargoyles (Volcano)
  An eye of devastation (Lair:4)
  3 torpor snails
  2 gargoyles (D:13)
  An unseen horror (D:12)
  8 cane toads
  An efreet (D:15)
  6 komodo dragons
  4 freezing wraiths
  An orange demon (Lair:1)
  Psyche (D:12)
  A rime drake (Lair:4)
  3 tengu conjurers (D:14)
  A merfolk (Shoals:2)
  3 meliai (D:15)
  4 trolls
  13 tarantellas
  2 polar bears
  12 blink frogs
  A hornet (D:5)
  6 dream sheep (Lair:4)
  29 jumping spiders
  17 slime creatures
  A vampire (D:11)
  12 culicivoras
  2 shadows
  3 wyverns
  A spriggan (D:8)
  25 yaks
  7 wraiths
  3 fire elementals (Spider:2)
  4 fire bats (Volcano)
  7 basilisks
  A human (shapeshifter) (D:14)
  46 redbacks
  11 vampire mosquitoes
  3 steam dragons
  13 wargs
  14 water moccasins
  2 acid dragons
  7 hell hounds
  A floating eye (Lair:4)
  4 ice beasts
  3 sky beasts
  A black bear (D:7)
  23 orc warriors
  7 ogres
  13 wolves
  10 centaurs
  8 kobold brigands
  2 scorpions
  A gnoll sergeant (D:9)
  13 bullfrogs
  10 wights
  7 killer bees
  4 electric eels
  3 howler monkeys (D:9)
  4 lava snakes (Volcano)
  4 hounds
  39 orc priests
  2 jellies
  A gnoll bouda (D:9)
  A sleepcap (D:4)
  5 iguanas
  26 orc wizards
  Natasha (thrice) (D:3)
  7 hell rats (Lair:4)
  A killer bee zombie (D:6)
  A mummy (Ossuary)
  A howler monkey zombie (D:6)
  16 gnolls
  8 adders
  2 shadow imps
  A white imp (D:6)
  2 ufetubi
  3 worms
  3 dart slugs
  110 orcs
  4 spectral bats (Ossuary)
  7 bats
  7 endoplasms
  3 giant cockroaches
  12 gnoll zombies (Ossuary)
  11 goblins
  3 hobgoblins
  3 jackals (D:4)
  4 quokkas
  10 ball pythons
  4 bat simulacra (Ossuary)
  2 frilled lizards
  A goblin simulacrum (Ossuary)
  4 goblin zombies (Ossuary)
  5 hobgoblin zombies (Ossuary)
  25 kobolds
  2 kobold simulacra (Ossuary)
  6 kobold zombies (Ossuary)
  3 orc zombies (Ossuary)
  A quokka zombie (D:7)
  5 rats
  A rat simulacrum (Ossuary)
  A rat zombie (D:7)
  3 spectral goblins (Ossuary)
  6 spectral kobolds (Ossuary)
  2 spectral rats (Ossuary)
926 creatures vanquished.

Vanquished Creatures (collateral kills)
  3 merfolk impalers (Shoals:1)
  A merfolk javelineer (Shoals:1)
  2 two-headed ogres
  2 merfolk avatars
  A sea snake (Shoals:1)
  3 harpies (Shoals:2)
  2 manticores (Shoals:1)
  A faun (Shoals:2)
  A merfolk siren (Shoals:1)
  2 water nymphs
  6 merfolk
  A water elemental (Shoals:1)
  5 wights
  A gnoll (D:9)
31 creatures vanquished.

Vanquished Creatures (others)
  5 dancing weapons
  An orc wizard (Orc:2)
6 creatures vanquished.

Grand Total: 963 creatures vanquished

Notes
Turn   | Place    | Note
-------+----------+-------------------------------------------
     0 | D:1      | Flugkiller the Djinni Enchanter began the quest for the
                  | Orb.
     0 | D:1      | Flugkiller set off with the following spells memorised:
                  | Ensorcelled Hibernation, Confusing Touch, Tukima's Dance,
                  | Dazzling Flash.
     0 | D:1      | Reached XP level 1. HP: 15/15 MP: 0/0
   166 | D:1      | Reached XP level 2. HP: 15/22 MP: 0/0
   427 | D:1      | Found Lat Ibi's General Store.
   484 | D:1      | Reached skill level 1 in Fighting
   646 | D:1      | Reached XP level 3. HP: 26/27 MP: 0/0
   646 | D:1      | Learned a level 1 spell: Apportation
   780 | D:2      | Found Yfantato's Book Shop.
   853 | D:2      | Reached XP level 4. HP: 19/32 MP: 0/0
  1317 | D:2      | Noticed a scorpion
  1341 | D:2      | Killed a scorpion
  1342 | D:2      | Reached skill level 1 in Short Blades
  1342 | D:2      | Reached XP level 5. HP: 30/37 MP: 0/0
  1342 | D:2      | Learned a level 2 spell: Momentum Strike
  1557 | D:3      | Found Risuom's General Store.
  1574 | D:3      | Found a faded altar of an unknown god.
  1614 | D:3      | Noticed Natasha
  1630 | D:3      | Killed Natasha
  1841 | D:3      | Noticed Natasha
  1846 | D:3      | Killed Natasha
  1847 | D:3      | Reached XP level 6. HP: 41/43 MP: 0/0
  2261 | D:3      | Noticed Natasha
  2269 | D:3      | Killed Natasha
  3022 | D:4      | Identified the +0 scale mail "Ipid" {rCorr Int+4}
  3063 | D:4      | Reached XP level 7. HP: 30/49 MP: 0/0
  3063 | D:4      | Learned a level 2 spell: Jinxbite
  3320 | D:5      | Entered Level 5 of the Dungeon
  3379 | D:5      | Found a staircase to the Ecumenical Temple.
  3411 | Temple   | Entered the Ecumenical Temple
  3430 | Temple   | Became a worshipper of Gozag Ym Sagoz the Greedy
  3461 | D:5      | Noticed a hornet
  3479 | D:5      | Killed a hornet
  3716 | D:5      | Reached XP level 8. HP: 56/56 MP: 0/0
  3771 | D:5      | Found a glowing golden altar of the Shining One.
  3829 | D:5      | Found a hide-covered altar of Uskayaw.
  3829 | D:5      | Found a hazy altar of Hepliaklqana.
  4017 | D:6      | Found a burning altar of Makhleb.
  4195 | D:6      | Reached skill level 5 in Stealth
  4400 | D:6      | Found a sparkling altar of Nemelex Xobeh.
  4401 | D:6      | Found a white marble altar of Elyvilon.
  4474 | D:6      | Reached skill level 5 in Spellcasting
  4474 | D:6      | Reached skill level 5 in Conjurations
  4474 | D:6      | Reached skill level 5 in Hexes
  4474 | D:6      | Reached skill level 5 in Summonings
  4474 | D:6      | Reached skill level 5 in Necromancy
  4474 | D:6      | Reached skill level 5 in Translocations
  4474 | D:6      | Reached skill level 5 in Transmutations
  4474 | D:6      | Reached skill level 5 in Fire Magic
  4474 | D:6      | Reached skill level 5 in Ice Magic
  4474 | D:6      | Reached skill level 5 in Air Magic
  4474 | D:6      | Reached skill level 5 in Earth Magic
  4474 | D:6      | Reached skill level 5 in Poison Magic
  4639 | D:5      | Reached XP level 9. HP: 22/62 MP: 0/0
  4639 | D:5      | Learned a level 4 spell: Iskenderun's Mystic Blast
  4932 | D:6      | Found a basalt altar of Yredelemnul.
  5052 | D:6      | Reached skill level 1 in Evocations
  5431 | D:7      | Found a sand-covered staircase.
  5461 | Ossuary  | Entered an ossuary
  6266 | D:7      | Reached XP level 10. HP: 67/67 MP: 0/0
  7076 | D:3      | Bought a +7 dagger of venom for 394 gold pieces
  7227 | D:8      | Found a glowing silver altar of Zin.
  7239 | D:8      | Found Cheibriados's Comfort Zone.
  7240 | D:8      | Found a snail-covered altar of Cheibriados.
  7241 | D:8      | Noticed a two-headed ogre
  7252 | D:8      | Killed a two-headed ogre
  7473 | D:8      | Noticed a centaur warrior
  7481 | D:8      | Killed a centaur warrior
  7488 | D:8      | Noticed a two-headed ogre
  7489 | D:8      | Reached XP level 11. HP: 73/73 MP: 0/0
  7489 | D:8      | Learned a level 4 spell: Manifold Assault
  7495 | D:8      | Killed a two-headed ogre
  7496 | D:8      | Reached skill level 10 in Spellcasting
  7496 | D:8      | Reached skill level 10 in Conjurations
  7496 | D:8      | Reached skill level 10 in Hexes
  7496 | D:8      | Reached skill level 10 in Summonings
  7496 | D:8      | Reached skill level 10 in Necromancy
  7496 | D:8      | Reached skill level 10 in Translocations
  7496 | D:8      | Reached skill level 10 in Transmutations
  7496 | D:8      | Reached skill level 10 in Fire Magic
  7496 | D:8      | Reached skill level 10 in Ice Magic
  7496 | D:8      | Reached skill level 10 in Air Magic
  7496 | D:8      | Reached skill level 10 in Earth Magic
  7496 | D:8      | Reached skill level 10 in Poison Magic
  7601 | D:8      | Reached skill level 5 in Dodging
  7698 | D:8      | Found Rutreylu's Specific Store.
  7700 | D:8      | Found Hoawner's General Store.
  7967 | D:9      | Reached skill level 5 in Fighting
  8130 | D:9      | Found Ozxux's Antique Armour Shop.
  8286 | D:9      | Noticed a two-headed ogre
  8302 | D:9      | Killed a two-headed ogre
  8303 | D:9      | Reached skill level 5 in Short Blades
  8378 | D:9      | Found a flagged portal.
  8404 | Bailey   | Entered a bailey
  8614 | Bailey   | Found a burning altar of Makhleb.
  9325 | D:10     | Entered Level 10 of the Dungeon
  9394 | D:10     | Noticed Fannar
  9584 | D:10     | Found Ruudan's Antique Weapon Emporium.
  9976 | D:10     | Found a bloodstained altar of Trog.
 10174 | D:11     | Reached XP level 12. HP: 48/81 MP: 0/0
 10454 | D:11     | Noticed a two-headed ogre
 10463 | D:11     | Killed a two-headed ogre
 10509 | D:11     | Found a staircase to the Lair.
 10767 | D:11     | Noticed a centaur warrior
 10776 | D:11     | Killed a centaur warrior
 10841 | D:11     | Noticed a two-headed ogre
 10854 | D:11     | Killed a two-headed ogre
 10908 | D:11     | Noticed Josephine
 10953 | D:11     | Killed Josephine
 11062 | Lair:1   | Entered Level 1 of the Lair of Beasts
 11077 | Lair:1   | HP: 3/81 [black mamba (3)]
 11207 | Lair:1   | Noticed Amaemon
 11227 | Lair:1   | Killed Amaemon
 11301 | Lair:1   | Reached XP level 13. HP: 64/85 MP: 0/0
 11301 | Lair:1   | Learned a level 5 spell: Yara's Violent Unravelling
 12043 | Lair:2   | Found a gate leading to a gauntlet.
 12052 | Gauntlet | Entered a Gauntlet
 12052 | Gauntlet | Found a transporter.
 12052 | Gauntlet | Found a transporter.
 12052 | Gauntlet | Found a runed translucent door.
 12052 | Gauntlet | Found a runed translucent door.
 12067 | Gauntlet | Found a transporter.
 12071 | Gauntlet | Found a transporter.
 12081 | Gauntlet | Found a transporter.
 12083 | Gauntlet | Found a transporter.
 12089 | Gauntlet | Noticed a blizzard demon
 12091 | Gauntlet | Found a transporter.
 12111 | Gauntlet | Found a transporter.
 12128 | Gauntlet | Found a transporter.
 12132 | Gauntlet | Found a transporter.
 12140 | Gauntlet | Found a transporter.
 12144 | Gauntlet | Found a transporter.
 12387 | Gauntlet | Identified the staff of Conscience {rC+ rN+ Will+ Int+2
                  | SInv Necro}
 12400 | Gauntlet | Identified the ring of Virtue {rElec Will- Int+6 Slay+6
                  | SInv}
 12402 | Gauntlet | Identified the +3 flail of Buposm {pain, rF- MP+9 Stlth+}
 12413 | Gauntlet | Identified the +10 plate armour "Hoydeuxt" {Contam rPois
                  | Dex+5}
 12413 | Gauntlet | Noticed a minotaur
 12455 | Gauntlet | Killed a minotaur
 12521 | Gauntlet | Found the +8 trishula "Condemnation" {holy, anguish, *Noise
                  | Fly rN+}
 12537 | Gauntlet | Identified the +0 tower shield "Potaivvu" {Drain rElec
                  | Will+ SInv}
 12647 | Lair:2   | Found a runed translucent gate.
 12647 | Lair:2   | Found a runed translucent gate.
 12647 | Lair:2   | Found a runed translucent gate.
 13093 | Lair:2   | Noticed Harold
 13146 | Lair:2   | Killed Harold
 13512 | Lair:2   | Noticed Simafegy's ghost (journeyman GrEE)
 13515 | Lair:2   | Found a viscous altar of Jiyva.
 14173 | Lair:3   | Found a hole to the Spider Nest.
 14188 | Lair:3   | You are sucked into a shaft and drop 2 floors!
 14188 | Lair:5   | Entered Level 5 of the Lair of Beasts
 14333 | Lair:4   | Reached XP level 14. HP: 92/92 MP: 0/0
 14758 | Lair:4   | Reached skill level 15 in Spellcasting
 14758 | Lair:4   | Reached skill level 15 in Conjurations
 14758 | Lair:4   | Reached skill level 15 in Hexes
 14758 | Lair:4   | Reached skill level 15 in Summonings
 14758 | Lair:4   | Reached skill level 15 in Necromancy
 14758 | Lair:4   | Reached skill level 15 in Translocations
 14758 | Lair:4   | Reached skill level 15 in Transmutations
 14758 | Lair:4   | Reached skill level 15 in Fire Magic
 14758 | Lair:4   | Reached skill level 15 in Ice Magic
 14758 | Lair:4   | Reached skill level 15 in Air Magic
 14758 | Lair:4   | Reached skill level 15 in Earth Magic
 14758 | Lair:4   | Reached skill level 15 in Poison Magic
 15252 | Lair:4   | Found a viscous altar of Jiyva.
 15253 | Lair:4   | Found a staircase to the Slime Pits.
 15283 | Lair:4   | Identified the +8 trident of the Ring {freeze, Str+4 Dex+3}
 15649 | Lair:3   | Found a staircase to the Shoals.
 16114 | D:12     | Found a transporter.
 16120 | D:12     | Found a staircase to the Orcish Mines.
 16353 | D:12     | Noticed Afrar's ghost (journeyman FoFi)
 16355 | D:12     | Found a transporter.
 16488 | D:12     | Noticed Psyche
 16491 | D:12     | Killed Psyche
 16750 | D:13     | Identified the +3 war axe of Foolhardiness {drain, Int+3}
 17720 | D:14     | Found a gate to the Vaults.
 18023 | D:14     | Found a frozen archway.
 18283 | D:14     | Found a bloodstained altar of Trog.
 18690 | D:14     | Reached XP level 15. HP: 72/96 MP: 0/0
 18690 | D:14     | Learned a level 6 spell: Leda's Unmaking
 19059 | D:15     | Entered Level 15 of the Dungeon
 20578 | Orc:1    | Entered Level 1 of the Orcish Mines
 20709 | Orc:1    | Found Tuwaapn's Armour Emporium.
 20779 | Orc:1    | Found Qiaruit's Antique Weapon Shop.
 20868 | Orc:2    | Entered Level 2 of the Orcish Mines
 21170 | Orc:2    | Found a dark tunnel.
 21180 | Volcano  | Entered a volcano
 21344 | Volcano  | Found a bloodstained altar of Trog.
 21496 | Volcano  | Reached skill level 10 in Dodging
 21618 | Orc:2    | Found a staircase to the Elven Halls.
 22014 | Orc:1    | Found Salosasm's General Store.
 22093 | Orc:1    | Found Ruiryo's Jewellery Shop.
 22175 | Orc:1    | Found Inioj's Magic Scroll Boutique.
 22181 | Orc:1    | Bought a scroll of blinking for 112 gold pieces
 22213 | Orc:1    | Noticed Erica
 22216 | Orc:1    | Killed Erica
 22626 | Orc:2    | Reached XP level 16. HP: 94/109 MP: 0/0
 22895 | Orc:2    | Found Batraysi's Assorted Antiques.
 22895 | Orc:2    | Found Terylo's Antique Armour Shop.
 23336 | Orc:2    | Reached skill level 10 in Fighting
 23433 | Orc:2    | Found Sueg's Armour Boutique.
 23544 | Orc:2    | Found Plog's General Store.
 23544 | Orc:2    | Found Qoukhlot's General Store.
 23900 | D:9      | Bought a pair of glowing gloves for 240 gold pieces
 24084 | Spider:1 | Entered Level 1 of the Spider Nest
 24223 | Spider:1 | Noticed an emperor scorpion
 24231 | Spider:1 | Killed an emperor scorpion
 24679 | Spider:1 | Noticed Frances
 24684 | Spider:1 | Killed Frances
 25284 | Spider:2 | Noticed Nikola
 25296 | Spider:2 | Killed Nikola
 25776 | Spider:2 | Noticed Azrael
 26018 | Spider:2 | Noticed Arachne
 26027 | Spider:2 | Killed Arachne
 26384 | Spider:2 | Killed Azrael
 26483 | Spider:3 | Reached XP level 17. HP: 98/123 MP: 0/0
 26483 | Spider:3 | Learned a level 7 spell: Summon Hydra
 26788 | Spider:3 | Found a runed translucent door.
 26788 | Spider:3 | Found a shimmering altar of Xom.
 26788 | Spider:3 | Noticed Koton's ghost (adept SpEn)
 27118 | Spider:4 | Entered Level 4 of the Spider Nest
 28982 | Spider:4 | Got a gossamer rune of Zot
 29225 | Shoals:1 | Entered Level 1 of the Shoals
 29785 | Shoals:1 | Reached XP level 18. HP: 124/130 MP: 0/0
 29805 | Shoals:1 | Identified the +0 tower shield of Ymimie Ycos {Drain Will+
                  | Str+5}
 30320 | Shoals:1 | Slain by a faun

Illustrated notes

Levels and vault maps discovered:
D:1:      dpeg_arrival_yet_another_circle, layout_basic, serial_shops,
          nicolae_shop_just_a_little_nook
D:2:      minmay_chambers_of_ones, layout_basic, serial_shops,
          nicolae_book_shop_shelving, minmay_box_of_dots
D:3:      layout_basic, serial_shops, nicolae_shop_window_shopping,
          shapermc_ecumenical_altar_mp_urbaneastern, uniq_natasha
D:4:      layout_cave_pools
D:5:      layout_cave_pools, gammafunk_temple_overflow_elements,
          mainiacjoe_overflow_tiny_flanked, minmay_temple_entry_mist
D:6:      layout_basic, lemuel_zombie_altar_yredelemnul,
          mainiacjoe_overflow_24_doors, nicolae_overflow_two_pavilions,
          st_stairs_8
D:7:      layout_rooms, enter_ossuary_4, dreamdust_gnoll_farm
D:8:      minmay_distorted_concentric_squares, layout_loops_ring,
          kennysheep_mini, nicolae_specific_store, minmay_shop_chei, the_hattery
D:9:      layout_loops_corners, serial_shops, nicolae_square_shop,
          enter_bailey_7, minmay_fractal_squares_diagonal_5
D:10:     layout_long_grid, trog_butcher_becter, serial_shops, shop, uniq_fannar
D:11:     layout_roguey, lair_entry_dummy, uniq_josephine
D:12:     layout_basic, orc_0_dummy, nzn_ghost_randoct, uniq_psyche
D:13:     layout_loops_ring
D:14:     layout_basic, erik_vaults_1, lemuel_tele_altar,
          portal_ice_cave_entry_frozen_things, grunt_ministairs_6
D:15:     grunt_enter_depths_hoard, layout_loops_ring, kennysheep_doodads,
          nicolae_twisting_strands
Temple:   dshaligram_water_room_temple
Lair:1:   layout_loops_ring, uniq_amaemon
Lair:2:   layout_regular_city, gauntlet_entry_generic, gammafunk_ghost_ooze,
          uniq_harold
Lair:3:   layout_loops_ring, minmay_shoals_entry_lonely_mermaid,
          spider_nest_entry_webs, serial_rivers, chequers_serial_rivers_large_a,
          chequers_serial_rivers_room_a, chequers_serial_rivers_micro_b,
          chequers_serial_rivers_micro_b
Lair:4:   layout_loops_ring, minmay_slime_entry_eyes, lemuel_fruit_tree
Lair:5:   cheibrodos_lair_end_hotspot, layout_misc_corridors,
          nzn_masters_of_martial_movement, uniq_rupert
Shoals:1: layout_shoals, nicolae_shoals_mertower
Shoals:2: layout_shoals, nicolae_take_the_stairs
Spider:1: layout_spider_delve, drop_trap, uniq_frances
Spider:2: layout_spider_delve, uniq_arachne, uniq_nikola, uniq_azrael
Spider:3: layout_spider_delve, ebering_ghost_xom
Spider:4: hellmonk_spider_rune_endless_swarm, guppyfry_spider_mini_3
Orc:1:    layout_caves, serial_shops, shop, shop, nicolae_shop_gaudy_bauble,
          shop, shop, mines2_david, uniq_erica
Orc:2:    st_orc_town, layout_caves, serial_shops, nicolae_shop_window_shopping,
          nicolae_volcano_entry_two_sided, elf_legates

Skill      XL: |  1  2  3  4  5  6  7  8  9 10 11 12 13 14 15 16 17 |
---------------+----------------------------------------------------+-----
Fighting       | 1 2 3 4 5 8 12 | 12.4
Spellcasting   | 3 4 5 7 9 10 12 14 16 17 19 | 19.1
Conjurations   | 3 4 5 7 9 10 12 14 16 17 19 | 19.1
Hexes          | 3 4 5 7 9 10 12 14 16 17 19 | 19.1
Summonings     | 3 4 5 7 9 10 12 14 16 17 19 | 19.1
Necromancy     | 3 4 5 7 9 10 12 14 16 17 19 | 19.1
Translocations | 3 4 5 7 9 10 12 14 16 17 19 | 19.1
Transmutations | 3 4 5 7 9 10 12 14 16 17 19 | 19.1
Fire Magic     | 3 4 5 7 9 10 12 14 16 17 19 | 19.1
Ice Magic      | 3 4 5 7 9 10 12 14 16 17 19 | 19.1
Air Magic      | 3 4 5 7 9 10 12 14 16 17 19 | 19.1
Earth Magic    | 3 4 5 7 9 10 12 14 16 17 19 | 19.1
Poison Magic   | 3 4 5 7 9 10 12 14 16 17 19 | 19.1
Stealth        | 3 4 5 7 |  7.0
Short Blades   | 1 2 3 4 6 |  6.0
Dodging        | 3 4 6 10 | 10.0
Evocations     | 4 |  4.0

Action                     |  1- 3 |  4- 6 |  7- 9 | 10-12 | 13-15 | 16-18 || total
---------------------------+-------+-------+-------+-------+-------+-------++-------
  Melee: Dagger            |    80 |   167 |   432 |   615 |   722 |    98 ||  2114
         Punch             |     3 |     2 |     4 |    12 |    13 |     3 ||    37
         Unarmed           |     1 |       |       |       |       |       ||     1
   Cast: Ensorcelled Hiber |    12 |    22 |    47 |    47 |   104 |    18 ||   250
         Confusing Touch   |       |     2 |     5 |    17 |    12 |       ||    36
         Momentum Strike   |       |       |     2 |       |       |       ||     2
         Tukima's Dance    |       |       |     7 |    27 |       |       ||    34
         Iskenderun's Myst |       |       |       |    16 |    56 |    20 ||    92
         Manifold Assault  |       |       |       |       |    36 |     2 ||    38
         Dazzling Flash    |       |       |       |       |     4 |     1 ||     5
         Jinxbite          |       |       |       |       |     1 |       ||     1
         Leda's Unmaking   |       |       |       |       |   181 |   358 ||   539
         Summon Hydra      |       |       |       |       |       |    39 ||    39
 Invoke: Potion Petition   |       |       |       |     3 |     4 |     1 ||     8
  Evoke: Phial of floods   |       |       |       |       |     1 |     1 ||     2
         Condenser vane    |       |       |       |       |     1 |       ||     1
         Wand              |       |       |       |       |     1 |     2 ||     3
    Use: Potion            |     2 |     1 |     1 |     3 |     4 |     2 ||    13
         Scroll            |       |       |     4 |     9 |    15 |     9 ||    37
   Stab: Sleeping          |     8 |    21 |    46 |    39 |    65 |    14 ||   193
         Confused          |       |       |     4 |    13 |     7 |       ||    24
         Distracted        |       |       |     3 |     4 |     5 |     1 ||    13
         Invisible         |       |       |       |       |     4 |       ||     4
 Armour: Robe              |    26 |    49 |   159 |   224 |   315 |   173 ||   946
  Dodge: Dodged            |    58 |   144 |   348 |   508 |   556 |   280 ||  1894

Table legend: (Time is in decaauts)
 A = Elapsed time spent in this place.
 B = Non-inter-level travel time spent in this place.
 C = Inter-level travel time spent in this place.
 D = Time resting spent in this place.
 E = Time spent auto-exploring this place.
 F = Levels seen in this place.
 G = Mean time per level.
                   A        B        C        D        E       F      G
               +--------+--------+--------+--------+--------+-----+--------+
         Total |  29932 |  28108 |   1824 |   5036 |  14788 |  33 |  907.0 |
       Dungeon |  15043 |  13974 |   1069 |   2191 |   7504 |  15 | 1002.9 |
        Temple |     28 |     28 |      0 |      0 |      0 |   1 |   28.0 |
          Lair |   4475 |   4164 |    311 |    414 |   2654 |   5 |  895.0 |
        Shoals |   1097 |   1056 |     41 |    304 |    522 |   2 |  548.5 |
   Spider Nest |   5096 |   4812 |    284 |   1248 |   2455 |   4 | 1274.0 |
  Orcish Mines |   2590 |   2473 |    117 |    645 |   1032 |   2 | 1295.0 |
       Ossuary |    454 |    454 |      0 |      0 |    232 |   1 |  454.0 |
        Bailey |    257 |    257 |      0 |    100 |     62 |   1 |  257.0 |
       Volcano |    405 |    405 |      0 |     61 |    199 |   1 |  405.0 |
      Gauntlet |    482 |    482 |      0 |     72 |    127 |   1 |  482.0 |
               +--------+--------+--------+--------+--------+-----+--------+

Top non-repeatable levels by time:
Spider:4: 2014 daAuts
   Orc:2: 1850 daAuts
    D:14: 1579 daAuts
    D:15: 1362 daAuts
     D:6: 1324 daAuts
Spider:2: 1199 daAuts
Spider:1: 1195 daAuts
     D:9: 1167 daAuts
  Lair:3: 1142 daAuts
  Lair:4: 1115 daAuts
  Lair:2: 1107 daAuts
     D:8: 1101 daAuts
     D:3: 1074 daAuts
Shoals:1: 1040 daAuts
    D:13: 1002 daAuts
